 Dungeon Crawl Stone Soup version 0.28.0-47-ge53b351184 (webtiles) character file.

Game seed: 10271738419161182770

49 GigaChad the Skirmisher (level 3, 0/30 HPs)
             Began as a Barachi Fighter on Apr 28, 2022.
             Killed by nerve-wracking pain
             ... invoked by Jessica
              (1 damage)
             ... on level 2 of the Dungeon.
             The game lasted 00:04:43 (1403 turns).

GigaChad the Skirmisher (Barachi Fighter)           Turns: 1403, Time: 00:04:44

Health: 0/30       AC:  7    Str: 17    XL:     3   Next: 75%
Magic:  3/3        EV:  9    Int:  8    God:
Gold:   100        SH:  5    Dex: 13    Spells: 2/2 levels left

rFire   . . .      SeeInvis .   a - +0 long sword
rCold   . . .      Faith    .   c - +0 buckler
rNeg    . . .      Spirit   .   b - +0 scale mail
rPois   .          Reflect  .   (no helmet)
rElec   .          Harm     .   (no cloak)
rCorr   .          Rampage  .   (no gloves)
Will    .....                   (no boots)
Stlth   ..........              (no amulet)
HPRegen 0.10/turn               (no ring)
MPRegen 0.08/turn               (no ring)

@: slow
A: amphibious, slowness 1, strong legs 1, +LOS
a: Hop


You were on level 2 of the Dungeon.
You visited 1 branch of the dungeon, and saw 2 of its levels.

You collected 100 gold pieces.

Inventory:

Hand Weapons
 a - a +0 long sword (weapon)
Armour
 b - a +0 scale mail (worn)
 c - a +0 buckler (worn)
Scrolls
 e - a scroll of teleportation
 h - a scroll of identify
 j - a scroll of enchant armour {unknown}
Potions
 d - a potion of might
 f - 2 potions of invisibility {unknown}
 g - a potion of curing {unknown}
 i - a potion of heal wounds {unknown}


   Skills:
 + Level 4.2 Fighting
 + Level 3.2 Long Blades
 + Level 4.0 Armour
 + Level 0.8 Dodging
 + Level 3.6 Shields


You had 2 spell levels left.
You didn't know any spells.
Your spell library contained the following spells:

 Spells                   Type           Power      Damage    Failure   Level
 Freeze                   Ice            0%         1d3       88%         1
 Passwall                 Tmut/Erth      0%         N/A       95%         2
 Searing Ray              Conj           0%         2d4       95%         2
 Frozen Ramparts          Ice            0%         1d2       99%         3
 Hailstorm                Conj/Ice       0%         3d3       100%        4


Dungeon Overview and Level Annotations

Branches:
Dungeon (2/15)

Altars:
Zin

Annotations:
D:2 Jessica


Innate Abilities, Weirdness & Mutations

You are amphibious.
You cover ground slowly.
You can hop short distances.
You have an extended range of vision and can be seen from far away.


Message History

You barely miss the worm.
The worm is almost dead.
The worm barely misses you.
You slash the worm!
You kill the worm!
Found a stone staircase leading down.
You pick up a book of Frost and begin reading...
You add the spells Freeze, Frozen Ramparts and Hailstorm to your library.
You can't go down here!
Okay, then.
Jessica the Apprentice Sorceress comes into view.
She is wielding a +0 club.
Jessica points at you and mumbles some strange words.
Pain shoots through your body! Jessica hits you with a +0 club.
You hit Jessica.
Jessica is severely wounded.
You block Jessica's attack.
You closely miss Jessica.
Jessica is severely wounded.
Jessica casts a spell at you. Pain shoots through your body!
* * * LOW HITPOINT WARNING * * *
Jessica hits you with a +0 club.
* * * LOW HITPOINT WARNING * * *
You hit Jessica.
Jessica is severely wounded.
You block Jessica's attack.
You closely miss Jessica.
Jessica is severely wounded.
You block Jessica's attack.
You barely miss Jessica.
Jessica is severely wounded.
Jessica casts a spell.
Jessica blinks!
Jessica gestures at you while chanting. Pain shoots through your body!
* * * LOW HITPOINT WARNING * * *
Jessica gestures at you while chanting. Pain shoots through your body!
You die...

.......# .......#
####.......# .......
#..........+ .......
#.........
.....#########.......#+#
....#..................#
....#..................#
...[#...........@......#
....###...........####.#
....###......@.##.# .
...............# .# ..
..#######....####.##.#
....................>
..#...............##
...................#+#+
#......................


You could see Jessica.

Vanquished Creatures
  A worm (D:2)
  5 endoplasms
  A giant cockroach (D:1)
  2 goblins (D:1)
  4 hobgoblins
  3 jackals (D:1)
  2 kobolds
  3 quokkas
  9 ball pythons
  5 bats
  3 frilled lizards (D:1)
  3 rats
41 creatures vanquished.

Vanquished Creatures (others)
  A plant (D:1)
1 creature vanquished.

Grand Total: 42 creatures vanquished

Notes
Turn   | Place    | Note
-------+----------+-------------------------------------------
     0 | D:1      | GigaChad the Barachi Fighter began the quest for the Orb.
     0 | D:1      | Reached XP level 1. HP: 18/18 MP: 1/1
   231 | D:1      | Reached XP level 2. HP: 25/25 MP: 2/2
   571 | D:1      | Reached XP level 3. HP: 20/30 MP: 3/3
   803 | D:1      | Got the Catalogue of the Foremost Moons
  1180 | D:2      | Found a glowing silver altar of Zin.
  1388 | D:2      | Noticed Jessica
  1395 | D:2      | HP: 1/30 [Jessica/+0 club (1)]
  1403 | D:2      | Killed from afar by Jessica

Illustrated notes

Levels and vault maps discovered:
D:1:      lightli_arrival_flooded_house, layout_loops_corners, st_stairs_14
D:2:      layout_basic, basic_altar, nicolae_elevator_lobby_plus, uniq_natasha,
          uniq_jessica

Skill      XL: |  1  2  3 |
---------------+----------+-----
Fighting       | 4 |  4.2
Long Blades    | 3 |  3.2
Armour         | 4 |  4.0
Dodging        | |  0.8
Shields        | |  3.6

Action                   || total
-------------------------++-------
Melee: Long sword        ||   139
  Use: Scroll            ||     1
Armor: Scale mail        ||   117
Dodge: Dodged            ||   105
Block: Buckler           ||    52
